 Dungeon Crawl Stone Soup version 0.19.0-24-gb05acd6 (webtiles) character file.

181406 Isidrus the Severer (level 17, -4/247 HPs)
             Began as a Minotaur Berserker on Nov 20, 2016.
             Was a High Priest of Trog.
             Slain by a wolf spider (18 damage)
             ... on level 3 of the Spider Nest.
             The game lasted 02:17:09 (28016 turns).

Isidrus the Severer (Minotaur Berserker)           Turns: 28016, Time: 02:17:12

Health: -4/247     AC: 33    Str: 26    XL:     17   Next: 33%
Magic:  0/16       EV:  2    Int:  4    God:    Trog [*****.]
Gold:   2380       SH: 23    Dex: 15    Spells: 0 memorised, 16 levels left

rFire  . . .     SeeInvis +     X - +2 broad axe "Qolo Jeoteh" {freeze, rElec SInv Stlth-}
rCold  . . .     Gourm    .     (armour currently unavailable)
rNeg   + + +     Faith    .     p - +3 large shield {rN+}
rPois  +         Spirit   +     (helmet currently unavailable)
rElec  +         Reflect  .     (cloak currently unavailable)
rCorr  +         Harm     .     (gloves currently unavailable)
MR     +....     NoTele   +     (boots currently unavailable)
Stlth  +.........               q - amulet of guardian spirit
                                o - +5 ring of protection
                                M - ring of Foolhardiness {rCorr rPois Str+2}

@: tree-form
A: (retaliatory headbutt), (horns 0), wild magic 1
a: Berserk, Trog's Hand, Brothers in Arms, Burn Spellbooks, Renounce Religion
}: 1/15 runes: decaying


You were on level 3 of the Spider Nest.
You worshipped Trog.
Trog was extremely pleased with you.
You were not hungry.
You were a tree.
You visited 5 branches of the dungeon, and saw 29 of its levels.
You also visited: Ice Cave.

You collected 2722 gold pieces.
You spent 342 gold pieces at shops.

Inventory:

Hand Weapons
 D - the +9 executioner's axe of Guih {chop, Int+4 Stlth+, unknown}
   (Trog gifted it to you on level 3 of the Swamp)

   It inflicts extra damage upon your enemies.
   It affects your intelligence (+4).
   It makes you more stealthy.
 X - the +2 broad axe "Qolo Jeoteh" (weapon) {freeze, rElec SInv Stlth-}
   (You took it off a frost giant on level 11 of the Dungeon)

   It has been specially enchanted to freeze those struck by it, causing extra
   injury to most foes and up to half again as much damage against particularly
   susceptible opponents.
   It can also slow down cold-blooded creatures.
   It insulates you from electricity.
   It lets you see invisible.
   It makes you less stealthy.
Armour
 a - a +4 plate armour of cold resistance
 d - a +0 cloak (melded)
 p - a +3 large shield of positive energy (worn)
 v - a +2 pair of gloves (melded)
 G - a +2 pair of boots (melded)
 H - the +9 plate armour of the Manifold Wishes (melded) {*Slow rPois Regen+ Stlth+}
   (You found it on level 6 of the Lair of Beasts)

   It protects you from poison.
   It increases your rate of regeneration.
   It may slow you when you take damage.
   It makes you more stealthy.
 O - a +2 shield
Jewellery
 b - a +5 ring of strength
 o - a +5 ring of protection (right branch)
 q - an amulet of guardian spirit (around neck)
 A - an uncursed ring of protection from fire
 B - an uncursed ring of resist corrosion
 L - an uncursed amulet of faith
 M - the ring of Foolhardiness (left branch) {rCorr rPois Str+2}
   (You found it on level 1 of the Lair of Beasts)

   [ring of resist corrosion]

   It affects your strength (+2).
   It protects you from poison.
 N - a +3 ring of evasion {unknown}
 Z - a +5 ring of strength
Scrolls
 g - 6 scrolls of fear
 i - 7 scrolls of enchant weapon
 k - 8 scrolls of remove curse
 l - 10 scrolls of teleportation
 t - a scroll of blinking
 w - 6 scrolls of immolation
 y - 2 scrolls of noise
 z - 4 scrolls of fog
 C - 3 scrolls of brand weapon
 R - 2 scrolls of holy word
 T - a scroll of torment
 V - 3 scrolls of silence
 Y - 2 scrolls of summoning {unknown}
Potions
 e - 8 potions of heal wounds
 h - 10 potions of curing
 j - 7 potions of lignification
 m - a potion of haste
 r - 4 potions of might
 s - 3 potions of mutation
 u - 4 potions of cancellation
 x - 2 potions of brilliance
 J - a potion of berserk rage
 K - 2 potions of magic
 Q - a potion of agility {unknown}
 S - 3 potions of flight
 W - 2 potions of resistance {unknown}
Miscellaneous
 I - a disc of storms
 P - a box of beasts
Comestibles
 c - 13 bread rations
 n - 6 slices of pizza
 E - 6 fruits
 F - 2 beef jerkies
 U - 13 royal jellies


   Skills:
 + Level 18.2 Fighting
 + Level 20.9 Axes
 + Level 16.5 Armour
 + Level 8.4 Dodging
 + Level 3.3 Stealth
 + Level 13.9 Shields


You had 16 spell levels left.
You didn't know any spells.

Dungeon Overview and Level Annotations

Branches:
Dungeon (13/15)            Temple (0/1) D:7            Lair (6/6) D:11
  Swamp (4/4) Lair:2       Spider (4/4) Lair:4        Slime (0/5) Lair:6
    Orc (2/2) D:12            Elf (0/3) Orc:2
 Vaults: D:13-14

Altars:
Ashenzari
Gozag
Hepliaklqana
Kikubaaqudgha
Makhleb
Qazlal
Sif Muna
Trog
Vehumet
Xom

Shops:
D:11 :   D:13 *   Orc:1 %   Orc:2 *([?:

Portals:
Hell: Lair:6


Innate Abilities, Weirdness & Mutations

((You reflexively headbutt those who attack you in melee.))
((You have a pair of horns on your head.))
Your spells are a little harder to cast, but a little more powerful.


Message History

You block the wolf spider's attack. x2; The wolf spider completely misses you.
The wolf spider bites you.
* * * LOW HITPOINT WARNING * * *
The wolf spider hits you.
* * * LOW HITPOINT WARNING * * *
The wolf spider bites you but does no damage.
You feel better. You block the wolf spider's attack. x2
The wolf spider hits you but does no damage.
The wolf spider bites you but does no damage.
The wolf spider hits you!
* * * LOW HITPOINT WARNING * * *
The wolf spider bites you but does no damage.
You block the wolf spider's attack. x2
You feel better. You block the wolf spider's attack. x3
The wolf spider bites you.
* * * LOW HITPOINT WARNING * * *
The wolf spider barely misses you. The wolf spider bites you.
* * * LOW HITPOINT WARNING * * *
The wolf spider hits you!!
You die...

.............†#.#........##
............#....^...?...#
<........(............#)###
..........................#
..^#...#..#.....#........^#
........#................###
...#.............^..#..#...##
..#....<.......^#...........##
.........#...^..♣.#..........#
.......#.......s.s........#..#
.........#..........#........#
.........................#..##
.#.....#.#......#[......^...#
............#......#.#..^^###
.^...................#....#
.#.........^...........#.##
........#....#......#.####


You could see 2 wolf spiders.

Vanquished Creatures
  A bone dragon (Swamp:4)
  Rupert (Spider:1)
  Asterion (Spider:1)
  Gastronok (D:12)
  Agnes (Spider:1)
  Donald (Spider:1)
  2 ghost moths
  A frost giant (D:11)
  Aizul (Lair:4)
  4 emperor scorpions
  4 entropy weavers
  2 dire elephants (Lair:6)
  The ghost of Television the Basher, a journeyman HOBe of Trog (D:13)
  Josephine (D:11)
  Fannar (Lair:3)
  Erolcha (D:9)
  Harold (Lair:4)
  10 hydras
  A centaur warrior (D:13)
  3 ghost crabs
  12 alligators
  A death knight (D:13)
  9 death yaks (Lair:6)
  3 orc high priests (Orc:2)
  Nergalle (Lair:2)
  A sun demon (Lair:6)
  A sixfirhy (Lair:6)
  A wizard (Lair:6)
  5 swamp dragons
  A shambling mangrove (Swamp:4)
  Pikel (D:5)
  26 wolf spiders
  A hill giant (D:13)
  A phantasmal warrior (Swamp:4)
  4 orc knights
  A necromancer (IceCv)
  A deep elf mage (D:12)
  10 orb spiders
  2 cyclopes
  5 orc sorcerers (Orc:2)
  3 ugly things
  2 manticores
  7 black mambas
  2 torpor snails (Spider:2)
  Joseph (D:9)
  An elephant (Lair:6)
  3 ice statues (IceCv)
  A gargoyle (D:11)
  3 orange demons (Lair:6)
  16 spiny frogs
  13 demonic crawlers
  4 rime drakes
  5 swamp worm zombies (Swamp:4)
  A red devil (Lair:6)
  8 komodo dragons
  9 ice devils
  A hellwing (Lair:6)
  5 hydra zombies (Swamp:4)
  5 trolls
  3 tyrant leeches
  9 hornets
  A queen bee (D:10)
  21 jumping spiders
  A two-headed ogre (D:13)
  6 polar bears
  8 blink frogs
  3 spectral swamp dragons (Swamp:4)
  12 slime creatures
  10 hippogriffs
  11 bog bodies
  4 alligator zombies (Swamp:4)
  A meliai zombie (D:13)
  A shadow (D:13)
  6 wraiths
  46 yaks
  24 tarantellas
  32 redbacks
  2 fire bats (Lair:5)
  3 spriggans
  A fire elemental (Lair:4)
  3 wyverns
  5 basilisks
  3 hungry ghosts
  A steam dragon (D:12)
  33 vampire mosquitoes
  A mottled dragon (D:13)
  11 insubstantial wisps
  2 soldier ants
  26 swamp worms
  3 hell hounds (Lair:6)
  17 water moccasins
  7 swamp drakes
  3 sky beasts
  17 orc warriors
  A swamp drake (shapeshifter) (D:13)
  11 porcupines
  2 slaves
  2 swamp dragon zombies (Swamp:4)
  An eye of draining (D:13)
  A black bear (shapeshifter) (D:13)
  6 ice beasts
  14 phantoms
  4 necrophages
  11 ogres
  A wolf (Lair:6)
  6 centaurs
  10 crocodiles
  A big kobold (D:11)
  A gnoll sergeant (D:11)
  19 bullfrogs
  An elf skeleton (D:7)
  A water moccasin zombie (D:9)
  2 wyvern skeletons
  6 scorpions
  4 wights
  39 killer bees
  A troll skeleton (D:7)
  A howler monkey (D:4)
  3 electric eels
  3 crimson imps
  4 bullfrog zombies
  5 centaur zombies
  4 draconian simulacra (IceCv)
  3 human zombies (D:7)
  A quasit (D:3)
  5 jellies
  16 orc wizards
  17 orc priests
  2 hounds
  2 centaur skeletons
  Crazy Yiuf (D:3)
  A human skeleton (D:7)
  7 iguanas
  2 troll simulacra (IceCv)
  4 worker ants
  3 spectral swamp drakes (Swamp:4)
  4 mummies
  A worker ant zombie (D:11)
  9 gnolls
  10 adders
  A naga simulacrum (IceCv)
  3 ogre simulacra (IceCv)
  2 swamp drake zombies (Swamp:4)
  4 shadow imps
  3 oozes (Lair:6)
  2 adder zombies
  4 worms
  2 dart slugs
  A leopard gecko (D:4)
  73 orcs
  5 ball pythons
  2 giant cockroaches
  3 goblins (D:1)
  2 hobgoblins (D:2)
  18 jackals
  14 kobolds
  6 quokkas
  6 bats
  7 frilled lizards
  A giant cockroach zombie (D:5)
  An orc zombie (D:7)
  A quokka zombie (D:9)
  5 rats
  3 fungi
  2 plants
977 creatures vanquished.

Vanquished Creatures (others)
  A wizard (D:12)
  A demonic crawler (Spider:4)
  2 blink frogs (Lair:6)
  An orc priest (Orc:2)
  A leopard gecko (D:9)
  An orc (D:5)
  4 fungi
11 creatures vanquished.

Grand Total: 988 creatures vanquished

Notes
Turn   | Place    | Note
-------+----------+-------------------------------------------
     0 | D:1      | Isidrus the Minotaur Berserker began the quest for the Orb.
     0 | D:1      | Reached XP level 1. HP: 19/19 MP: 0/0
    74 | D:1      | Reached skill level 4 in Axes
    74 | D:1      | Reached XP level 2. HP: 24/27 MP: 1/1
   428 | D:2      | Reached ** piety under Trog
   428 | D:2      | Reached XP level 3. HP: 33/33 MP: 2/2
   588 | D:2      | Reached XP level 4. HP: 41/41 MP: 3/3
   596 | D:2      | Reached skill level 5 in Axes
  1059 | D:3      | Reached XP level 5. HP: 47/47 MP: 4/4
  1304 | D:3      | Found a runed door.
  1308 | D:3      | Noticed Crazy Yiuf
  1315 | D:3      | Killed Crazy Yiuf
  1430 | D:3      | Found a shimmering altar of Xom.
  1430 | D:3      | Found an ancient bone altar of Kikubaaqudgha.
  1662 | D:4      | Reached *** piety under Trog
  1686 | D:4      | Reached skill level 5 in Fighting
  1686 | D:4      | Reached XP level 6. HP: 56/56 MP: 5/5
  2254 | D:4      | Reached skill level 6 in Axes
  2326 | D:5      | Entered Level 5 of the Dungeon
  2326 | D:5      | Noticed a slave
  2329 | D:5      | Noticed a slave
  2330 | D:5      | Noticed Pikel
  2341 | D:5      | Noticed an ice beast
  2355 | D:4      | Killed a slave
  2455 | D:5      | Noticed a slave
  2458 | D:5      | Killed a slave
  2459 | D:5      | Noticed a slave
  2462 | D:5      | Killed Pikel
  2462 | D:5      | Reached skill level 7 in Axes
  2462 | D:5      | Reached skill level 5 in Armour
  2462 | D:5      | Reached XP level 7. HP: 61/61 MP: 6/6
  2462 | D:5      | Reached skill level 8 in Axes
  2516 | D:5      | Reached XP level 8. HP: 70/70 MP: 7/7
  2643 | D:5      | Found a deep blue altar of Sif Muna.
  2860 | D:5      | Reached skill level 1 in Stealth
  3391 | D:6      | Reached skill level 9 in Axes
  3416 | D:6      | Found a stormy altar of Qazlal.
  3430 | D:6      | Reached **** piety under Trog
  3724 | D:6      | Found an opulent altar of Gozag.
  3800 | D:6      | You fall through a shaft for 2 floors!
  3800 | D:8      | Noticed a hippogriff
  3816 | D:8      | Killed a hippogriff
  3894 | D:8      | Reached skill level 10 in Axes
  4087 | D:8      | Reached skill level 5 in Dodging
  4087 | D:8      | Reached XP level 9. HP: 78/78 MP: 8/8
  4854 | D:7      | Reached skill level 11 in Axes
  5388 | D:7      | Found a staircase to the Ecumenical Temple.
  5656 | D:7      | Found an ancient bone altar of Kikubaaqudgha.
  5899 | D:8      | Reached XP level 10. HP: 84/88 MP: 9/9
  6342 | D:9      | Reached ***** piety under Trog
  6398 | D:9      | Noticed Erolcha
  6408 | D:9      | Killed Erolcha
  6408 | D:9      | Reached skill level 12 in Axes
  6594 | D:9      | Received a gift from Trog
  6630 | D:9      | Noticed Joseph
  6650 | D:9      | Killed Joseph
  7001 | D:10     | Entered Level 10 of the Dungeon
  7138 | D:10     | Found a shattered altar of Ashenzari.
  7284 | D:10     | Reached skill level 10 in Armour
  7335 | D:10     | Reached skill level 13 in Axes
  7336 | D:10     | Received a gift from Trog
  7570 | D:10     | Reached XP level 11. HP: 33/96 MP: 10/10
  8021 | D:11     | Noticed a frost giant
  8040 | D:11     | Killed a frost giant
  8040 | D:11     | Reached skill level 14 in Axes
  8045 | D:11     | Got the broad axe "Qolo Jeoteh" {freeze}
  8247 | D:10     | Identified the +2 broad axe "Qolo Jeoteh" {freeze, rElec SInv Stlth-} (You took it off a frost giant on level 11 of the Dungeon)
  8719 | D:11     | Noticed Josephine
  8729 | D:11     | Killed Josephine
  8729 | D:11     | Reached skill level 10 in Fighting
  8913 | D:11     | Found a shimmering altar of Xom.
  8913 | D:11     | Found a shimmering altar of Xom.
  8913 | D:11     | Found a shimmering altar of Xom.
  8914 | D:11     | Found a shimmering altar of Xom.
  8914 | D:11     | Found a shimmering altar of Xom.
  8914 | D:11     | Found a shimmering altar of Xom.
  8915 | D:11     | Found a shimmering altar of Xom.
  8915 | D:11     | Found a shimmering altar of Xom.
  8915 | D:11     | Found a shimmering altar of Xom.
  8916 | D:11     | Found a shimmering altar of Xom.
  8923 | D:11     | Found a staircase to the Lair.
  8998 | D:11     | Noticed a cyan ugly thing
  9006 | D:11     | Killed a cyan ugly thing
  9009 | D:11     | Received a gift from Trog
  9009 | D:11     | Reached skill level 15 in Axes
  9010 | D:11     | Noticed a purple ugly thing
  9019 | D:11     | Killed a purple ugly thing
  9334 | D:11     | Found Qionail's Book Shoppe.
  9346 | D:11     | Reached XP level 12. HP: 108/108 MP: 11/11
  9954 | D:12     | Reached skill level 16 in Axes
  9969 | D:12     | Found a bloodstained altar of Trog.
 10053 | D:12     | Reached skill level 1 in Shields
 10246 | D:12     | Received a gift from Trog
 10277 | D:12     | Noticed Gastronok
 10298 | D:12     | Killed Gastronok
 10527 | D:12     | Found a staircase to the Orcish Mines.
 10909 | D:13     | Noticed a death knight
 10917 | D:13     | Killed a death knight
 10961 | D:13     | Noticed Television's ghost (journeyman HOBe)
 10982 | D:13     | Killed Television's ghost
 11037 | D:13     | Noticed a centaur warrior
 11052 | D:13     | Reached skill level 17 in Axes
 11055 | D:13     | Killed a centaur warrior
 11262 | D:13     | Reached XP level 13. HP: 114/118 MP: 12/12
 11370 | D:13     | Found Uchudgh's Elemental Accessories.
 11577 | Lair:1   | Entered Level 1 of the Lair of Beasts
 11928 | Lair:1   | Received a gift from Trog
 12130 | Lair:1   | Got a slimy iron ring
 12777 | Lair:2   | Identified the ring of Foolhardiness {rCorr rPois Str+2} (You found it on level 1 of the Lair of Beasts)
 13013 | Lair:2   | Noticed Nergalle
 13025 | Lair:2   | Killed Nergalle
 13310 | Lair:2   | Found a staircase to the Swamp.
 13618 | Lair:3   | Noticed Fannar
 13645 | Lair:3   | Killed Fannar
 13679 | Lair:3   | Found a burning altar of Makhleb.
 14225 | Lair:4   | Noticed Harold
 14242 | Lair:4   | Killed Harold
 14341 | Lair:4   | Reached skill level 18 in Axes
 14580 | Lair:4   | Found a hole to the Spider Nest.
 14662 | Lair:4   | Found a hazy altar of Hepliaklqana.
 15243 | Lair:5   | Received a gift from Trog
 15678 | Lair:6   | Entered Level 6 of the Lair of Beasts
 15817 | Lair:6   | Reached skill level 5 in Shields
 15820 | Lair:6   | Reached XP level 14. HP: 129/129 MP: 13/13
 15846 | Lair:6   | Found a frozen archway.
 15937 | IceCv    | Entered an ice cave
 16898 | Lair:6   | Reached ****** piety under Trog
 17163 | Lair:6   | Received a gift from Trog
 17299 | Lair:6   | Reached skill level 19 in Axes
 17480 | Lair:6   | Found a staircase to the Slime Pits.
 17848 | Lair:6   | Reached skill level 15 in Fighting
 17914 | Lair:6   | Found a burning altar of Makhleb.
 18011 | Lair:6   | Found a gateway to Hell.
 18027 | Lair:6   | Got a bronze plate armour
 18040 | Lair:6   | Identified the +9 plate armour of the Manifold Wishes {*Slow rPois Regen+ Stlth+} (You found it on level 6 of the Lair of Beasts)
 18462 | Orc:1    | Entered Level 1 of the Orcish Mines
 18598 | Orc:1    | Found Wualiaro's Food Shop.
 18848 | Orc:2    | Entered Level 2 of the Orcish Mines
 18850 | Orc:2    | Found a radiant altar of Vehumet.
 18991 | Orc:2    | Found a staircase to the Elven Halls.
 19094 | Orc:2    | Found Sofyodefu's General Store.
 19111 | Orc:2    | Bought a potion of heal wounds for 70 gold pieces
 19362 | Orc:2    | Found Osoly's Book Emporium.
 19363 | Orc:2    | Received a gift from Trog
 19376 | Orc:2    | Reached XP level 15. HP: 115/141 MP: 14/14
 19971 | Orc:2    | Found Hosche Gyagg's Magic Scroll Shop.
 20048 | Orc:2    | Found Urruydich's Armour Shop.
 20050 | Orc:2    | Found Suwk's Antique Weapon Emporium.
 20091 | Orc:2    | Bought a scroll of immolation for 45 gold pieces
 20091 | Orc:2    | Bought a scroll of identify for 26 gold pieces
 20091 | Orc:2    | Bought a scroll of identify for 26 gold pieces
 20091 | Orc:2    | Bought a scroll of enchant weapon for 97 gold pieces
 20091 | Orc:2    | Bought a scroll of remove curse for 39 gold pieces
 20091 | Orc:2    | Bought a scroll of teleportation for 39 gold pieces
 20096 | Orc:2    | Identified a scroll of acquirement
 20282 | Orc:1    | You fall through a shaft!
 20472 | Swamp:1  | Entered Level 1 of the Swamp
 20757 | Swamp:1  | Reached skill level 15 in Armour
 20830 | Swamp:1  | Received a gift from Trog
 21744 | Swamp:2  | Reached skill level 20 in Axes
 22420 | Swamp:3  | Received a gift from Trog
 22461 | Swamp:3  | Got an encrusted executioner's axe {god gift}
 22993 | Swamp:4  | Entered Level 4 of the Swamp
 23472 | Swamp:4  | Reached XP level 16. HP: 150/154 MP: 15/15
 23818 | Swamp:4  | Received a gift from Trog
 24043 | Swamp:4  | Noticed a bone dragon
 24059 | Swamp:4  | Reached skill level 10 in Shields
 24063 | Swamp:4  | Killed a bone dragon
 24087 | Swamp:4  | Got a decaying rune of Zot
 24470 | Spider:1 | Entered Level 1 of the Spider Nest
 24470 | Spider:1 | Noticed Asterion
 24473 | Spider:1 | Noticed Aizul
 24576 | Lair:4   | Killed Aizul
 24668 | Lair:4   | Gained mutation: You regenerate slowly when monsters are visible. [mutagenic meat]
 24668 | Lair:4   | Lost mutation: You regenerate slowly when monsters are visible. [potion of cure mutation]
 24669 | Lair:4   | Gained mutation: Your spells are a little harder to cast, but a little more powerful. [potion of beneficial mutation]
 24830 | Spider:1 | Killed Asterion
 24933 | Spider:1 | Noticed Rupert
 24933 | Spider:1 | Paralysed by Rupert for 2 turns
 24953 | Spider:1 | Killed Rupert
 25212 | Spider:1 | Received a gift from Trog
 25217 | Spider:1 | Noticed Donald
 25243 | Spider:1 | Killed Donald
 25353 | Spider:1 | Noticed Agnes
 25368 | Spider:1 | Killed Agnes
 26735 | Spider:2 | Received a gift from Trog
 26739 | Spider:2 | Reached XP level 17. HP: 162/162 MP: 16/16
 27279 | Spider:4 | Entered Level 4 of the Spider Nest
 27385 | Spider:4 | Received a gift from Trog
 28014 | Spider:3 | HP: 12/247 [wolf spider (3)]
 28016 | Spider:3 | Slain by a wolf spider

Skill      XL: |  1  2  3  4  5  6  7  8  9 10 11 12 13 14 15 16 17 |
---------------+----------------------------------------------------+-----
Axes           | 4 5 7 8 10 11 13 15 17 18 19 20 | 20.9
Fighting       | 4 5 6 7 9 10 12 13 15 16 18 | 18.2
Armour         | 3 4 5 6 7 8 10 11 12 13 14 15 16 | 16.5
Dodging        | 3 4 5 6 7 8 |  8.4
Stealth        | 1 2 3 |  3.3
Shields        | 3 5 6 9 12 13 | 13.9

Action                   |  1- 3 |  4- 6 |  7- 9 | 10-12 | 13-15 | 16-18 || total
-------------------------+-------+-------+-------+-------+-------+-------++-------
Melee: Hand axe          |    74 |   121 |   331 |   207 |       |       ||   733
       Headbutt          |    10 |    17 |    87 |   171 |   364 |   212 ||   861
       Broad axe         |       |       |       |   374 |  1317 |   687 ||  2378
Invok: Berserk           |     1 |     2 |     2 |     8 |    12 |     6 ||    31
       Burn Spellbooks   |       |     1 |       |     2 |     1 |     2 ||     6
       Trog's Hand       |       |       |       |     2 |       |     1 ||     3
  Use: Scroll            |       |     6 |     1 |    11 |    20 |     8 ||    46
       Potion            |       |       |       |     1 |       |     6 ||     7
 Stab: Sleeping          |     1 |       |     2 |       |       |       ||     3
  Eat: Chunk             |       |     5 |    10 |    14 |    19 |     6 ||    54
       Beef jerky        |       |     1 |     1 |     1 |     1 |     1 ||     5
       Meat ration       |       |       |     2 |     2 |     3 |     3 ||    10
       Fruit             |       |       |       |       |     6 |     1 ||     7
       Pizza             |       |       |       |       |     4 |     1 ||     5
       Bread ration      |       |       |       |       |     1 |       ||     1
Armor: Animal skin       |     6 |       |       |       |       |       ||     6
       Ring mail         |    16 |    48 |    73 |       |       |       ||   137
       Chain mail        |       |       |    23 |   117 |       |       ||   140
       Plate armour      |       |       |       |    97 |   585 |   562 ||  1244
       Skin              |       |       |       |       |       |    23 ||    23
Dodge: Dodged            |    52 |    72 |   136 |   233 |   374 |   306 ||  1173
Block: Buckler           |       |       |       |    31 |   166 |       ||   197
       Large shield      |       |       |       |       |   276 |   948 ||  1224
       Shield            |       |       |       |       |       |     2 ||     2
